Map: 시뮬레이크럼 - 래더

Players

DPGPartinG (PartinG)

  • Race: Protoss Protoss
  • League: Grandmaster
  • Spawn Location: 5:00

llllllllllll (Trap) - Winner!

  • Race: Protoss Protoss
  • League: Master
  • Spawn Location: 11:00

VOD

Have the link to the VOD?

Description

Time

  • Played on: Jan. 16, 2020, 5:07 a.m.
  • Length: 11:10
Show
View Real Time Build Order
Export as new Build Order

DPGPartinG Protoss 

Build Orders: Phoenix Opening, Zealot Archon, Dark Templar Rush 

Get SALT Encoding   

  12  0:00  Probe  
  13  0:12  Probe  
  14  0:17  Pylon  
  14  0:24  Probe (Chrono Boost)  
  15  0:36  Gateway  
  15  0:37  Probe (Chrono Boost)  
  16  0:45  Probe (Chrono Boost)  
  16  0:46  Assimilator  
  17  0:51  Probe  
  17  0:55  Assimilator  
  18  1:03  Probe (Chrono Boost)  
  19  1:07  Gateway  
  19  1:12  Probe (Chrono Boost)  
  19  1:17  Probe (Chrono Boost)  
  20  1:25  Cybernetics Core  
  21  1:29  Probe  
  22  1:39  Pylon  
  22  1:41  Probe  
  23  1:55  Pylon  
  23  2:00  Warp Gate (Chrono Boost)  
  23  2:02  Stalker  
  23  2:03  Sentry  
  23  2:05  Probe  
  28  2:24  Twilight Council  
  28  2:36  Phoenix  
  27  2:40  Nexus  
  27  2:47  Shield Battery  
  28  2:55  Stalker  
  29  3:05  Dark Shrine  
  29  3:08  Probe  
  30  3:20  Probe  
  31  3:29  Shield Battery  
  31  3:40  Stalker x2  
  35  3:42  Probe (Chrono Boost)  
  35  3:46  Pylon  
  36  3:52  Probe (Chrono Boost)  
  36  3:54  Probe (Chrono Boost)  
  38  3:56  Shield Battery  
  38  4:02  Probe x2 (Chrono Boost)  
  40  4:07  Probe (Chrono Boost)  
  40  4:08  Probe  
  42  4:17  Dark Templar x2  
  42  4:19  Probe (Chrono Boost)  
  48  4:25  Probe (Chrono Boost)  
  48  4:30  Probe (Chrono Boost)  
  49  4:32  Pylon  
  49  4:34  Probe (Chrono Boost)  
  49  4:36  Robotics Facility  
  49  4:37  Probe  
  50  4:42  Charge  
  50  4:44  Probe  
  52  4:49  Probe  
  52  4:50  Assimilator  
  53  4:52  Assimilator  
  53  4:54  Pylon  
  53  5:01  Probe x2  
  55  5:10  Archon, Pylon  
  55  5:11  Zealot x2  
  59  5:15  Probe  
  59  5:16  Probe  
  59  5:17  Pylon  
  61  5:23  Gateway  
  61  5:25  Observer  
  61  5:28  Probe x2  
  64  5:39  Gateway  
  64  5:40  Gateway  
  64  5:41  Gateway  
  64  5:47  Gateway  
  64  5:57  Gateway, Warp Prism (Chrono Boost)  
  64  6:03  Sentry x2  
  70  6:10  Pylon  
  70  6:17  Dark Templar  
  72  6:26  Dark Templar  
  72  6:27  Dark Templar  
  76  6:33  Dark Templar  
  76  6:36  Zealot x2  
  82  6:40  Archon, Zealot  
  82  6:41  Zealot  
  86  6:52  Zealot x2  
  88  7:01  Zealot x2  
  88  7:02  Zealot x2  
  90  7:14  Zealot x4  
  78  7:17  Observer  
  68  7:23  Dark Templar x4  
  66  7:35  Archon  
  58  7:39  Probe x2  
  54  7:50  Dark Templar x4  
  60  8:06  Zealot x4  
  68  8:15  Archon  
  68  8:17  Warp Prism (Chrono Boost)  
  62  8:23  Zealot x4  
  62  8:26  Sentry  
  62  8:27  Dark Templar x2  
  74  8:29  Zealot  
  78  8:34  Archon  
  78  8:43  Dark Templar x2  
  78  8:45  Zealot x2  
  78  8:47  Archon  
  86  8:53  Zealot x2  
  90  9:05  Zealot x2  
  90  9:06  Zealot x2  
  80  9:14  Dark Templar  
  80  9:15  Dark Templar  
  82  9:37  Observer  
  82  9:46  Dark Templar x3  
  82  9:47  Dark Templar  
  82  9:48  Nexus  
  82  9:51  Archon  
  82  9:52  Archon  
  90  10:06  Probe  
  89  10:15  Stalker x2  
  89  10:19  Pylon  
  89  10:21  Pylon  
  92  10:24  Stalker  
  94  10:31  Pylon  
  94  10:32  Zealot  
  94  10:34  Pylon  
  94  10:39  Dark Templar x3  
  98  10:44  Zealot x2  
  91  10:50  Dark Templar  
  91  10:55  Archon  
  86  11:00  Zealot x2  
Show
View Real Time Build Order
Export as new Build Order

llllllllllll Protoss - Winner!

Build Orders: Phoenix Opening, Zealot Archon 

Get SALT Encoding   

  12  0:00  Probe  
  13  0:12  Probe  
  14  0:18  Pylon  
  14  0:24  Probe (Chrono Boost)  
  15  0:36  Probe (Chrono Boost)  
  15  0:37  Gateway  
  16  0:45  Probe (Chrono Boost)  
  17  0:50  Probe  
  17  0:53  Assimilator  
  17  0:55  Assimilator  
  18  1:03  Probe (Chrono Boost)  
  19  1:08  Gateway  
  19  1:13  Probe (Chrono Boost)  
  19  1:18  Probe (Chrono Boost)  
  20  1:23  Cybernetics Core  
  21  1:29  Probe  
  22  1:36  Pylon  
  22  1:41  Probe  
  23  1:54  Probe  
  24  1:59  Stalker x2  
  28  2:01  Warp Gate  
  28  2:14  Pylon  
  28  2:29  Adept  
  30  2:30  Adept  
  31  2:50  Nexus  
  31  2:53  Probe  
  32  3:01  Sentry x2  
  36  3:05  Probe  
  36  3:12  Pylon  
  37  3:18  Probe  
  38  3:23  Robotics Facility  
  38  3:30  Probe  
  39  3:42  Probe (Chrono Boost), Phoenix  
  40  3:54  Probe (Chrono Boost), Forge  
  41  4:00  Probe (Chrono Boost)  
  43  4:02  Probe (Chrono Boost)  
  44  4:10  Stalker x2  
  44  4:12  Probe (Chrono Boost), Observer  
  44  4:13  Probe (Chrono Boost)  
  50  4:17  Probe (Chrono Boost)  
  50  4:24  Probe (Chrono Boost), Pylon  
  52  4:26  Protoss Ground Weapons Level 1 (Chrono Boost)  
  52  4:29  Probe (Chrono Boost)  
  53  4:33  Observer  
  53  4:37  Probe (Chrono Boost)  
  53  4:38  Probe (Chrono Boost)  
  56  4:41  Assimilator  
  56  4:42  Assimilator  
  56  4:43  Probe  
  57  4:45  Probe  
  57  4:47  Phoenix  
  58  4:54  Immortal  
  62  5:00  Probe x2, Pylon  
  64  5:08  Twilight Council  
  64  5:12  Probe  
  64  5:13  Probe  
  66  5:25  Probe  
  67  5:31  Pylon  
  67  5:34  Immortal  
  71  5:40  Shield Battery  
  71  5:41  Charge (Chrono Boost)  
  71  5:43  Gateway  
  71  5:45  Gateway  
  71  5:49  Templar Archives  
  67  5:59  Gateway  
  67  6:02  Gateway  
  67  6:04  Zealot  
  67  6:05  Zealot  
  71  6:11  Gateway  
  71  6:14  Shield Battery  
  71  6:16  Shield Battery  
  71  6:18  Gateway  
  71  6:26  High Templar x2, Shield Battery  
  71  6:30  Archon  
  71  6:32  Shield Battery  
  75  6:36  Immortal (Chrono Boost)  
  79  6:45  Archon  
  79  6:46  High Templar x2  
  83  6:50  Archon  
  83  6:55  Zealot  
  84  7:01  Zealot  
  84  7:04  Zealot  
  83  7:08  Observer (Chrono Boost)  
  83  7:10  Zealot x2  
  83  7:14  Zealot  
  73  7:26  Zealot  
  73  7:27  Zealot x4  
  72  7:30  Observer (Chrono Boost)  
  72  7:34  Protoss Ground Weapons Level 2 (Chrono Boost)  
  71  7:38  High Templar x2  
  71  7:39  Zealot  
  71  7:41  Warp Prism (Chrono Boost)  
  71  7:42  Archon  
  77  7:49  Probe x2  
  81  7:52  Stalker  
  81  7:53  Stalker  
  85  8:07  Pylon  
  85  8:09  Pylon  
  85  8:11  Zealot  
  85  8:18  Probe x2  
  81  8:28  Photon Cannon  
  81  8:41  High Templar x2  
  81  8:42  High Templar  
  81  8:43  High Templar, Zealot x4  
  81  8:46  Archon  
  81  8:47  Archon  
  97  8:54  Pylon x2  
  97  8:57  Observer  
  73  9:17  High Templar x2  
  73  9:18  Zealot x6  
  73  9:22  Archon  
  89  9:37  Nexus  
  87  9:38  Pylon  
  87  9:44  High Templar  
  89  9:45  High Templar  
  89  9:46  Zealot x2  
  89  9:49  Archon  
  95  10:05  Stalker x4  
  103  10:10  Zealot  
  103  10:11  Zealot  
  103  10:36  Zealot x4  
  103  10:37  Zealot x2  
  103  10:40  Zealot  
  113  10:53  Zealot  
  113  10:57  Zealot x4  
Tags
 
Add a new tag
Caveats
  • Supply blocks, unpowered buildings, or Contaminate may cause inaccurate times.
  • Supply counts are checked every 10 seconds.